woodfighter, chaotic female orcish Cavewoman --.-- ---...||.. |.....--*- .-....%.G-- ...).%)@.| ......%.)-- ......%..| .--..--..| ---- woodfighter the Cave Teen Experience level: 5 Strength: 15 Dexterity: 15 Constitution: 17 Intelligence: 10 Wisdom: 10 Charisma: 10 Health: 0(38) Energy: 22(22) Def: 2 Gold: 148 Moves: 1019 Dungeon seed: Lf3qpCr0WfeOLP1G Game ID: woodfighter_1475444718 Your Inventory: Coins $ - 148 gold pieces Weapons a - a +1 club (weapon in hand) b - a +2 sling (alternate weapon; not wielded) f - the +0 Trollsbane Armor k - a cursed -1 pair of iron shoes n - a cursed +0 helmet q - an uncursed +0 leather armor (being worn) r - an uncursed +0 pair of elven boots y - a cursed +0 dwarvish cloak z - an uncursed +0 dwarvish cloak N - an uncursed +0 dwarvish mithril-coat Y - a cursed +0 dwarvish iron helm Comestibles c - an uncursed tripe ration d - an uncursed pancake h - 2 uncursed lichen corpses Scrolls i - an uncursed scroll of identify Potions l - an uncursed potion of healing m - an uncursed potion of extra healing Wands g - a wand of enlightenment (0:12) Tools j - an uncursed tallow candle (0:200) Spells and supernatural/magical abilities: Name Level Category Fail Memory W - pray for help -- divine ? -- Your skills at the end: Miscellaneous Skills bare handed combat [Basic] Weapon Skills scimitar [Basic] club [Basic] sling [Basic] Spellcasting Skills Final Attributes: You were piously aligned. You were poison resistant. You had infravision. You were somewhat stealthy. You are dead. Vanquished creatures: a small mimic a dog a gnomish wizard 2 dwarves a hobbit 8 gnomes 5 jackals 2 kobolds 6 newts a sewer rat 4 grid bugs a bat 2 lichens a kobold zombie 36 creatures vanquished. Voluntary challenges: You did not adorn yourself with jewelry or accessories. You did not cause conflict. You were not invisible. You did not have reflection. You were not displaced. You were an atheist. You used a wielded weapon 54 times, starting on turn 73. You did not use tools. You did not use plumbed fixtures. You did not drink any magical draughts. You were illiterate. You never genocided any monsters. You never polymorphed an object. You never changed form. You used no wishes. You never split a pudding. You never wrote Elbereth's name. You never violated your personal moral code. Dungeon overview: The Dungeons of Doom: levels 1 to 3 Level 1 (water) some fountains a long staircase Level 2 a general store stairs to The Gnomish Mines Level 3 a fountain The Gnomish Mines: Level 3 <- You were here stairs to The Dungeons of Doom History has recorded: On T:1 you entered the Dungeons of Doom to retrieve the Amulet of Yendor! On T:1 you reached level 2 of The Dungeons of Doom. On T:28 you reached level 3 of The Dungeons of Doom. On T:680 you advanced to experience level 2. On T:705 you reached level 1 of The Gnomish Mines. On T:766 you advanced to experience level 3. On T:842 you advanced to experience level 4. On T:977 you advanced to experience level 5. Score breakdown: Gold: 148 ( 14 points) Experience: 5 levels ( 400 points) Exploration: 3 levels ( 60 points) Discoveries: 11 items ( 550 points) Variety of kills: 14 monsters ( 700 points) Major goal: (nothing yet) ( 0 points) Survival: died (score multiplied by 3) Total score: 5172 Latest messages: You kill the dog! l - a golden potion. There are a few more objects here. You stop exploring. Please move the cursor to an unknown object. Never mind. There are a few objects here. The gnome misses. You hit the gnome. You kill the gnome! You have a little trouble lifting m - a puce potion. Your movements are slowed slightly because of your load. The gnome punches you! You kill the gnome! You drop 15 uncursed flints. Your movements are now unencumbered. You stop exploring. There are a few objects here. You see here 2 yellow gems. The gnome lord punches you! You hit the gnome lord. The gnome lord punches you! You hit the gnome lord. (2x) The gnome lord punches you! You die... Final status: Goodbye woodfighter the Cavewoman, killed by a gnome lord... You died in The Gnomish Mines on dungeon level 3 with 5172 points, and 148 pieces of gold, after 1019 moves. You were level 5 with a maximum of 38 hit points when you died.